[ AOE2 MATCH · #474930516 ]
UnrankedItalians vs Cumans
Player's team · LOSS
Rival team · WIN
[ REPLAY ANALYSIS · EXTRACTED FROM THE RECORDED GAME ]
Feudal
—
Castle
10:55
Imperial
—
| APM avg | 15.4 |
| APM peak | 33 |
| eAPM avg | 12.9 |
| Villagers / military | 62 / 28 |
Focus
⚔️ 26.3% · 🌾 73.7%
Militia ×17 · Scout Cavalry ×11
Feudal
—
Castle
13:33
Imperial
—
| APM avg | 36.1 |
| APM peak | 70 |
| eAPM avg | 16.4 |
| Villagers / military | 47 / 28 |
Focus
⚔️ 42.9% · 🌾 57.1%
Archer ×10 · Spearman ×8 · Knight ×6 · Battering Ram ×3 · Monk ×1
Match map
Initial resources + every placement click. Lines = walls · curves = elevation contours. ◆ gold · ⬟ stone · ● berries · ✦ relic · ◌ wall gap
Your base· ✓ Map-separated
g.ulloa's base· ✓ Map-separated
Smoothed initial terrain · ◌ = detected wall gap · hover for details
Inputs per minute
— davetbs007 - - g.ulloa
Build order — davetbs007
117 actions detected in the replay
| 0:03 | Create | Villager (Male) ×4 |
| 0:52 | Research | Man-at-Arms (upgrade) |
| 1:01 | Build | House |
| 1:21 | Build | Market |
| 1:32 | Build | Farm |
| 1:33 | Build | Farm |
| 1:36 | Create | Villager (Male) |
| 1:36 | Create | Villager (Male) |
| 1:36 | Create | Villager (Male) |
| 1:40 | Create | Militia |
| 2:14 | Build | Farm |
| 2:29 | Build | Farm |
| 2:34 | Build | Farm |
| 2:34 | Build | Farm |
| 2:34 | Build | Farm |
| 2:35 | Build | Farm |
| 2:35 | Build | Farm |
| 2:35 | Build | Farm |
| 2:48 | Build | House |
| 2:49 | Build | House |
| 2:52 | Research | Double-Bit Axe |
| 3:13 | Build | Farm |
| 3:41 | Create | Villager (Male) |
| 3:42 | Create | Villager (Male) |
| 4:19 | Create | Militia |
| 4:19 | Create | Militia |
| 4:20 | Create | Villager (Male) ×5 |
| 4:58 | Build | House |
| 5:08 | Build | Mill |
| 5:11 | Build | Farm |
| 5:12 | Build | Farm |
| 5:12 | Build | Farm |
| 5:12 | Build | Farm |
| 5:12 | Build | Farm |
| 5:12 | Build | Farm |
| 5:13 | Build | Farm |
| 5:13 | Build | Farm |
| 5:14 | Build | Farm |
| 5:14 | Build | Farm |
| 5:15 | Build | Farm |
| 5:15 | Build | Farm |
| 5:15 | Build | Farm |
| 5:15 | Build | Farm |
| 5:16 | Build | Farm |
| 5:16 | Build | Farm |
| 5:17 | Build | Farm |
| 5:20 | Create | Villager (Male) |
| 5:37 | Build | Watch Tower |
| 6:43 | Create | Militia ×5 |
| 6:53 | Build | House |
| 6:58 | Create | Villager (Male) |
| 7:18 | Build | Farm |
| 7:23 | Create | Villager (Male) |
| 7:34 | Build | Farm |
| 7:36 | Build | Farm |
| 7:43 | Build | Farm |
| 8:09 | Build | House |
| 8:15 | Research | Castle Age |
| 8:20 | Build | House |
| 9:07 | Build | Farm |
| 9:31 | Build | Archery Range |
| 9:39 | Create | Villager (Male) ×5 |
| 9:57 | Create | Militia ×5 |
| 10:12 | Build | Barracks |
| 10:37 | Build | House |
| 10:37 | Build | House |
| 10:37 | Build | House |
| 10:38 | Build | House |
| 10:38 | Build | House |
| 10:38 | Build | House |
| 10:55 | Age | Castle Age |
| 10:56 | Create | Militia |
| 10:56 | Create | Militia |
| 10:56 | Create | Militia |
| 11:09 | Research | Thumb Ring |
| 11:12 | Create | Villager (Male) ×5 |
| 11:40 | Build | Mining Camp |
| 12:30 | Build | House |
| 12:30 | Build | House |
| 12:39 | Build | Town Center |
| 12:55 | Create | Villager (Male) ×5 |
| 13:42 | Create | Villager (Male) ×5 |
| 13:59 | Build | Barracks |
| 14:24 | Build | Mining Camp |
| 14:37 | Build | Stable |
| 15:20 | Build | Town Center |
| 15:30 | Research | Light Cavalry (upgrade) |
| 15:33 | Create | Scout Cavalry ×5 |
| 15:49 | Build | Barracks |
| 16:21 | Create | Villager (Male) ×5 |
| 16:33 | Create | Scout Cavalry ×5 |
| 17:52 | Create | Villager (Male) ×4 |
| 18:08 | Create | Villager (Male) |
| 18:08 | Create | Villager (Male) |
| 18:56 | Build | Farm |
| 18:56 | Build | Farm |
| 18:57 | Build | Farm |
| 18:57 | Build | Farm |
| 18:57 | Build | Farm |
| 18:58 | Build | Farm |
| 18:58 | Build | Farm |
| 18:58 | Build | Farm |
| 18:59 | Build | Farm |
| 19:06 | Build | Farm |
| 19:07 | Build | Farm |
| 19:22 | Create | Scout Cavalry |
| 19:47 | Create | Militia |
| 20:23 | Create | Villager (Male) ×2 |
| 21:09 | Build | Town Center |
| 21:23 | Create | Villager (Male) |
| 21:24 | Create | Villager (Male) |
| 21:24 | Create | Villager (Male) |
| 21:27 | Create | Villager (Male) |
| 21:47 | Create | Villager (Male) ×3 |
| 22:06 | Build | Castle |
| 22:31 | Build | Monastery |
| 23:51 | Create | Villager (Male) ×5 |
Build order — g.ulloa
88 actions detected in the replay
| 0:06 | Create | Villager (Male) |
| 0:20 | Research | Double-Bit Axe |
| 0:43 | Build | Archery Range |
| 0:47 | Build | Archery Range |
| 0:57 | Create | Villager (Male) ×3 |
| 1:22 | Build | House |
| 1:23 | Build | House |
| 1:24 | Build | House |
| 1:47 | Build | Town Center |
| 2:14 | Create | Archer ×5 |
| 2:21 | Create | Spearman ×5 |
| 2:28 | Build | House |
| 2:33 | Build | Palisade Wall |
| 2:36 | Build | Palisade Gate |
| 2:41 | Research | Town Watch |
| 2:41 | Create | Villager (Male) |
| 4:50 | Research | Fletching |
| 6:44 | Create | Villager (Male) ×5 |
| 6:44 | Create | Villager (Male) ×5 |
| 6:59 | Build | Siege Workshop |
| 7:17 | Create | Archer ×5 |
| 8:26 | Build | Mill |
| 8:33 | Create | Battering Ram |
| 8:33 | Create | Battering Ram |
| 8:44 | Create | Villager (Male) ×5 |
| 9:07 | Build | Mill |
| 9:26 | Build | Farm |
| 9:27 | Build | Farm |
| 9:27 | Build | Farm |
| 9:29 | Build | Farm |
| 9:29 | Build | Farm |
| 9:30 | Build | Farm |
| 9:30 | Build | Farm |
| 9:31 | Build | Farm |
| 9:37 | Build | House |
| 9:38 | Build | House |
| 9:39 | Build | House |
| 9:41 | Build | House |
| 9:42 | Build | House |
| 9:44 | Build | House |
| 10:53 | Research | Castle Age |
| 10:56 | Research | Forging |
| 11:17 | Build | Mining Camp |
| 11:21 | Research | Gold Mining |
| 11:22 | Research | Stone Mining |
| 11:29 | Create | Villager (Male) ×2 |
| 11:39 | Create | Battering Ram |
| 12:01 | Build | House |
| 13:16 | Research | Stone Mining |
| 13:33 | Age | Castle Age |
| 13:48 | Research | Bodkin Arrow |
| 13:51 | Research | Crossbowman (upgrade) |
| 14:08 | Build | Watch Tower |
| 15:00 | Build | Watch Tower |
| 15:18 | Create | Villager (Male) ×5 |
| 15:18 | Create | Villager (Male) ×5 |
| 15:25 | Build | Town Center |
| 15:56 | Build | Mining Camp |
| 16:20 | Build | Palisade Wall |
| 16:28 | Build | Stable |
| 16:48 | Research | Capped Ram (upgrade) |
| 18:08 | Build | Castle |
| 18:14 | Create | Knight |
| 18:14 | Create | Knight |
| 18:14 | Create | Knight |
| 18:14 | Create | Knight |
| 18:24 | Build | Town Center |
| 18:33 | Create | Villager (Male) ×5 |
| 18:34 | Create | Villager (Male) ×5 |
| 18:34 | Create | Villager (Male) ×5 |
| 19:09 | Build | Town Center |
| 19:20 | Create | Knight |
| 19:20 | Create | Knight |
| 19:25 | Research | Iron Casting |
| 20:18 | Research | Bow Saw |
| 20:22 | Research | Horse Collar |
| 20:34 | Create | Spearman |
| 20:34 | Create | Spearman |
| 20:34 | Create | Spearman |
| 21:09 | Build | Monastery |
| 21:19 | Research | Scale Barding Armor |
| 21:44 | Build | Dock |
| 21:46 | Build | Dock |
| 22:07 | Build | Town Center |
| 23:09 | Build | Town Center |
| 23:27 | Create | Monk |
| 23:33 | Build | Siege Workshop |
| 23:54 | Build | Palisade Wall |
Match timeline
| 0:43 | g.ulloa · first_building Archery Range |
| 2:33 | g.ulloa · wall_segment Palisade Wall x8 |
| 6:59 | g.ulloa · first_building Siege Workshop |
| 9:31 | davetbs007 · first_building Archery Range |
| 10:12 | davetbs007 · first_building Barracks |
| 10:55 | davetbs007 · age_up castle |
| 13:33 | g.ulloa · age_up castle |
| 14:37 | davetbs007 · first_building Stable |
| 16:20 | g.ulloa · wall_segment Palisade Wall x15 |
| 16:28 | g.ulloa · first_building Stable |
| 18:08 | g.ulloa · first_building Castle |
| 21:09 | g.ulloa · first_building Monastery |
| 21:44 | g.ulloa · first_building Dock |
| 22:06 | davetbs007 · first_building Castle |
| 22:31 | davetbs007 · first_building Monastery |
| 23:54 | g.ulloa · wall_segment Palisade Wall x14 |
| 24:03 | davetbs007 · resign |
[ AI ANALYSIS · 1 CREDIT ]
What really happened in this match?
Wolo.gg analyzes every decision: build order, eco, micro, common mistakes by bracket. Personalized analysis on WhatsApp or Discord in 30 seconds.
Civ guide
Italians
Perfil
Jugador #8986153